 Dungeon Crawl Stone Soup version 0.27.1-3-gb3d3a73c9e (webtiles) character file.

Game seed: 7417024911383256095

58092 AZSletch the Spear-Bearer (level 14, 0/110 HPs)
             Began as a Merfolk Ice Elementalist on Oct 9, 2021.
             Was an Elder of Cheibriados.
             Slain by Saint Roka (10 damage)
             ... on level 2 of the Orcish Mines on Oct 12, 2021.
             The game lasted 01:59:45 (24892 turns).

AZSletch the Spear-Bearer (MfIE)                   Turns: 24892, Time: 01:59:45

Health: 0/110      AC: 24    Str: 22    XL:     14   Next: 89%
Magic:  1/36       EV: 27    Int: 25    God:    Cheibriados [****..]
Gold:   1299       SH:  0    Dex: 32    Spells: 12/31 levels left

rFire    . . .     SeeInvis .   V - +7 trident of Drought {freeze, rC- Will+++ rCorr Dex+7}
rCold    x . .     Faith    .   (no shield)
rNeg     + . .     Spirit   .   S - +0 steam dragon scales
rPois    +         Reflect  .   u - +0 helmet
rElec    .         Harm     .   g - scarf {+Inv}
rCorr    +         Rampage  .   k - +0 pair of gloves
Will     ++++.                  i - +1 pair of boots "Ceat" {rPois MP+9}
Stlth    +++.......             d - amulet of magic regeneration
HPRegen  0.28/turn              J - ring of positive energy
MPRegen  0.50/turn              P - +4 ring of protection

@: ice-armoured, freezing walls, very slow
A: (nimble swimmer 2), mertail
a: Renounce Religion, Evoke Invisibility, Bend Time, Temporal Distortion, Slouch


You were on level 2 of the Orcish Mines.
You worshipped Cheibriados.
Cheibriados was greatly pleased with you.
You visited 5 branches of the dungeon, and saw 21 of its levels.
You also visited: Ossuary.

You collected 1299 gold pieces.

Inventory:

Hand Weapons
 t - a +3 hunting sling
 N - a +1 spear of flaming
 V - the +7 trident of Drought (weapon) {freeze, rC- Will+++ rCorr Dex+7}
   (You found it on level 9 of the Dungeon)

   It freezes those it strikes, dealing additional cold damage.
   It can also slow down cold-blooded creatures.
   Dex:       It affects your dexterity (+7).
   rC:        It makes you vulnerable to cold.
   rCorr:     It protects you from acid and corrosion.
   Will:      It greatly increases your willpower.
Missiles
 y - 2 atropa-tipped darts
 B - 5 datura-tipped darts
 D - 101 poisoned darts (quivered)
 U - 17 boomerangs
 Z - 7 curare-tipped darts
Armour
 g - a scarf of invisibility (worn)
 i - the +1 pair of boots "Ceat" (worn) {rPois MP+9}
   (You found it on level 9 of the Dungeon)

   rPois:     It protects you from poison.
   MP:        It affects your magic capacity (+9).
 k - a +0 pair of gloves (worn)
 s - a +0 tower shield
 u - a +0 helmet (worn)
 S - +0 steam dragon scales (worn)
Magical Staves
 I - a staff of cold
Jewellery
 d - an amulet of magic regeneration (around neck)
 m - an amulet of faith
 p - a ring of fire
 J - a ring of positive energy (left hand)
 K - an amulet of reflection
 M - a ring of flight
 P - a +4 ring of protection (right hand)
Wands
 r - a wand of flame (17)
 G - a wand of acid (19)
 O - a wand of mindburst (17)
 T - a wand of iceblast (18)
 Y - a wand of digging (3)
Scrolls
 b - 3 scrolls of fear {unknown}
 e - 2 scrolls of blinking {unknown}
 f - 3 scrolls of vulnerability {unknown}
 j - 2 scrolls of acquirement {unknown}
 l - 2 scrolls of fog {unknown}
 w - 2 scrolls of amnesia {unknown}
 A - 3 scrolls of enchant armour
 C - 2 scrolls of immolation {unknown}
 E - 2 scrolls of silence {unknown}
 L - a scroll of brand weapon {unknown}
 Q - 4 scrolls of teleportation
 W - 3 scrolls of enchant weapon
Potions
 c - 5 potions of brilliance
 h - a potion of resistance
 n - 4 potions of mutation
 o - 5 potions of cancellation
 q - 5 potions of attraction
 v - 3 potions of might
 x - 5 potions of flight
 z - 2 potions of magic
 F - 3 potions of lignification
 H - 6 potions of curing
 R - 4 potions of invisibility


   Skills:
 + Level 10.3 Fighting
 - Level 14.0 Polearms
 - Level 3.9 Throwing
 + Level 5.1 Armour
 + Level 12.4 Dodging
 - Level 2.1 Stealth
 + Level 9.0 Spellcasting
 - Level 3.0 Conjurations
 - Level 3.0 Hexes
 - Level 3.0 Necromancy
 - Level 4.2 Translocations
 - Level 10.0 Ice Magic
 + Level 8.8 Invocations
 + Level 6.7 Evocations


You had 12 spell levels left.
You knew the following spells:

 Your Spells              Type           Power      Damage    Failure   Level
a - Freeze                Ice            100%       1d11      1%          1
b - Frozen Ramparts       Ice            100%       1d12      1%          3
c - Ozocubu's Armour      Ice            57%        N/A       1%          3
d - Blink                 Tloc           N/A        N/A       1%          2
e - Hailstorm             Conj/Ice       43%        3d10      3%          4
f - Confusing Touch       Hex            26%        N/A       4%          3
g - Vampiric Draining     Necr           13%        2d7       4%          3

Your spell library contained the following spells:

 Spells                   Type           Power      Damage    Failure   Level
 Slow                     Hex            26%        N/A       2%          2
 Sublimation of Blood     Necr           13%        N/A       2%          2
 Portal Projectile        Hex/Tloc       58%        N/A       3%          3
 Beastly Appendage        Tmut           22%        N/A       5%          1
 Wereblood                Tmut           11%        N/A       9%          2
 Summon Guardian Golem    Hex/Summ       18%        N/A       9%          3
 Passage of Golubria      Tloc           N/A        N/A       10%         4
 Call Canine Familiar     Summ           11%        N/A       16%         3
 Spider Form              Tmut/Pois      5%         N/A       16%         3
 Manifold Assault         Tloc           32%        N/A       26%         5
 Leda's Liquefaction      Hex/Erth       9%         N/A       28%         4
 Airstrike                Air            5%         N/A       47%         4
 Petrify                  Tmut/Erth      11%        N/A       47%         4
 Summon Lightning Spire   Summ/Air       11%        N/A       47%         4
 Irradiate                Conj/Tmut      9%         3d16      63%         5
 Lightning Bolt           Conj/Air       9%         1d21      63%         5
 Silence                  Hex/Air        9%         N/A       63%         5
 Orb of Destruction       Conj           13%        9d6       100%        7
 Spellforged Servitor     Conj/Summ      9%         N/A       100%        7
 Storm Form               Tmut/Air       5%         N/A       100%        7
 Lehudib's Crystal Spear  Conj/Erth      9%         10d4      100%        8
 Maxwell's Capacitive Co  Air            5%         ∞         100%        8


Dungeon Overview and Level Annotations

Branches:
Dungeon (12/15)            Temple (1/1) D:5            Lair (5/6) D:8
  Swamp (1/4) Lair:3       Spider (0/4) Lair:3          Orc (2/2) D:9
Ossuary (visited)
  Slime: Lair:5-6       Elf: Orc:2

Altars:
Ashenzari
Cheibriados
Dithmenos
Elyvilon
Fedhas
Gozag
Hepliaklqana
Kikubaaqudgha
Makhleb
Nemelex Xobeh
Okawaru
Qazlal
Ru
Sif Muna
Trog
Uskayaw
Vehumet
Wu Jian
Xom
Yredelemnul
Zin
The Shining One

Shops:
D:9 =   Orc:2 (

Annotations:
D:5 1 runed translucent door, Crazy Yiuf, Sigmund
Lair:2 exclusion: 2 electric eels
Orc:2 Saint Roka


Innate Abilities, Weirdness & Mutations

((You are quick and stealthy near water. (Stealth+, EV+, Speed+++)))
Your lower body shifts to a powerful aquatic tail in water.


Message History

Cheibriados lowers the support of your attributes as your movement quickens.
Saint Roka resists.
The wall freezes Saint Roka.
Saint Roka misses you.
You can feel time thicken for a moment.
You kill the ogre!
Cheibriados appreciates the change of pace.
You can no longer step out of the flow of time.
Cheibriados lowers the support of your attributes as your movement quickens.
Saint Roka resists.
The wall freezes Saint Roka.
Saint Roka calls down the wrath of Beogh upon you.
Beogh smites you!
* * * LOW HITPOINT WARNING * * *
You feel better.
The frozen ramparts melt away.
An ogre comes into view. It is wielding a +0 giant spiked club.
Saint Roka mumbles some strange prayers to Beogh against you.
Beogh smites you!
* * * LOW HITPOINT WARNING * * *
You feel better.
Saint Roka hits you with a +0 dire flail.
* * * LOW HITPOINT WARNING * * *
You hit Saint Roka.
Saint Roka is severely wounded.
Casting: Ozocubu's Armour (safe; 1% risk of failure)
Confirm with . or Enter, or press ? or * to list all spells.
Casting: Frozen Ramparts (safe; 1% risk of failure)
Press: ? - help, Dir - look around, f - activate The walls around you are covered in ice.
The ogre shouts!
Saint Roka resists.
The wall freezes Saint Roka.
Saint Roka hits you with a +0 dire flail!
* * * LOW HITPOINT WARNING * * *
You hit Saint Roka. You freeze Saint Roka.
Saint Roka is severely wounded.
Saint Roka resists.
The wall freezes Saint Roka.
Saint Roka calls down the wrath of Beogh upon you.
Beogh smites you!
* * * LOW HITPOINT WARNING * * *
The flow of time bends around you.
Saint Roka resists with some effort.
Saint Roka resists.
The wall freezes Saint Roka.
Saint Roka hits you with a +0 dire flail!
You die...

..........#.........
...............##...
....##......##.# ...
.... ##......# ..
..# ##.).)## # ..
###).##.## ##).....#
#o)$...## ##@)....#
#....[)#)......
##.#.)).).......
#....)....#.#
.........).###
...... .....#
##..... ......#
##.... .∩.#..#


You could see Saint Roka.

Vanquished Creatures
  A thorn hunter (Lair:3)
  Fannar (Lair:1)
  A centaur warrior (D:12)
  7 hydras
  An ogre mage (Orc:2)
  2 boulder beetles
  9 two-headed ogres
  An orc high priest (Orc:1)
  5 death yaks (Lair:4)
  A deep troll (Orc:2)
  Pikel (D:6)
  2 deep elf pyromancers (D:12)
  An orc sorcerer (Orc:1)
  4 cyclopes
  14 elephants
  Joseph (Lair:1)
  3 black mambas
  A gargoyle (D:9)
  An unseen horror (D:12)
  6 cane toads
  A kobold demonologist (D:11)
  A rime drake (Lair:4)
  10 komodo dragons
  A tyrant leech (Lair:3)
  13 trolls
  2 polar bears
  Prince Ribbit (D:7)
  A jumping spider (Lair:3)
  4 dream sheep (Lair:4)
  11 blink frogs
  A centaur simulacrum (D:12)
  2 redbacks (Lair:3)
  6 wyverns
  31 yaks
  3 shadows
  A steam dragon (D:8)
  5 basilisks
  3 swamp worms (Lair:3)
  3 wargs
  11 water moccasins
  4 ice beasts
  12 orc warriors
  17 ogres
  2 black bears
  4 necrophages
  4 centaurs
  8 wolves
  2 lemures
  9 kobold brigands
  11 bullfrogs
  A scorpion (D:4)
  5 gnoll sergeants
  A wyvern skeleton (D:6)
  4 killer bees (D:10)
  8 wights
  An electric eel (D:10)
  5 centaur zombies
  A human zombie (Ossuary)
  3 jellies
  A bullfrog skeleton (D:6)
  A centaur skeleton (D:4)
  3 gnoll shamans
  8 orc priests
  Natasha (thrice) (D:3)
  2 iguanas
  7 orc wizards
  Ijyb (D:5)
  A killer bee zombie (D:7)
  A howler monkey zombie (D:8)
  4 mummies (Ossuary)
  Robin (D:3)
  24 gnolls
  6 adders
  An ufetubus (D:5)
  2 worms
  4 dart slugs
  44 orcs
  12 ball pythons
  5 bats
  7 endoplasms
  A giant cockroach (D:2)
  A gnoll zombie (Ossuary)
  7 hobgoblins
  4 jackals (D:1)
  18 kobolds
  5 quokkas
  A frilled lizard (D:3)
  19 goblins
  2 goblin zombies (Ossuary)
  2 hobgoblin zombies (Ossuary)
  A kobold zombie (Ossuary)
  An orc zombie (Ossuary)
  7 rats
483 creatures vanquished.

Vanquished Creatures (others)
  A hobgoblin (D:4)
  14 fungi
  11 plants
26 creatures vanquished.

Grand Total: 509 creatures vanquished

Notes
Turn   | Place    | Note
-------+----------+-------------------------------------------
     0 | D:1      | AZSletch the Merfolk Ice Elementalist began the quest for
                  | the Orb.
     0 | D:1      | Reached XP level 1. HP: 13/13 MP: 3/3
   249 | D:1      | Found a faded altar of an unknown god.
   257 | D:1      | Reached XP level 2. HP: 20/20 MP: 3/5
   570 | D:1      | Reached skill level 1 in Fighting
   621 | D:1      | Reached XP level 3. HP: 25/26 MP: 4/6
   625 | D:1      | Learned a level 3 spell: Frozen Ramparts
  1505 | D:2      | Reached XP level 4. HP: 33/33 MP: 4/7
  1510 | D:2      | Learned a level 3 spell: Ozocubu's Armour
  2049 | D:2      | Found an ornate altar of the Wu Jian Council.
  2370 | D:3      | Noticed Robin
  2380 | D:3      | Reached skill level 5 in Ice Magic
  2399 | D:3      | Killed Robin
  2425 | D:3      | Reached XP level 5. HP: 29/38 MP: 9/9
  2591 | D:3      | Noticed Natasha
  2599 | D:3      | Killed Natasha
  2613 | D:3      | Learned a level 2 spell: Blink
  2893 | D:3      | Noticed Natasha
  2909 | D:3      | Killed Natasha
  3571 | D:4      | Found a stormy altar of Qazlal.
  4138 | D:3      | Noticed Natasha
  4146 | D:3      | Killed Natasha
  4147 | D:3      | Reached XP level 6. HP: 46/46 MP: 7/10
  4255 | D:4      | Reached skill level 1 in Translocations
  4377 | D:4      | Noticed a necrophage
  4384 | D:4      | Killed a necrophage
  4658 | D:4      | Reached skill level 5 in Dodging
  4658 | D:4      | Reached XP level 7. HP: 52/52 MP: 9/12
  4744 | D:5      | Entered Level 5 of the Dungeon
  4839 | D:5      | Found a radiant altar of Vehumet.
  5500 | D:5      | Found a sparkling altar of Nemelex Xobeh.
  5538 | D:5      | Reached XP level 8. HP: 49/60 MP: 10/14
  5631 | D:5      | Found a runed translucent door.
  5632 | D:5      | Noticed Crazy Yiuf
  6385 | D:5      | Noticed Ijyb
  6395 | D:5      | Killed Ijyb
  6603 | D:5      | Found a staircase to the Ecumenical Temple.
  6603 | D:5      | Noticed Sigmund
  6635 | Temple   | Entered the Ecumenical Temple
  7051 | D:6      | Noticed a troll
  7066 | D:6      | Killed a troll
  7067 | D:6      | Reached skill level 5 in Fighting
  7125 | D:6      | Reached skill level 5 in Spellcasting
  7407 | D:6      | Reached XP level 9. HP: 68/68 MP: 13/16
  7789 | D:6      | Found a shadowy altar of Dithmenos.
  8085 | D:7      | Reached skill level 1 in Throwing
  9048 | D:7      | Noticed Pikel
  9251 | D:6      | Killed Pikel
  9252 | D:6      | Reached skill level 2 in Polearms
  9440 | D:7      | Found a shimmering altar of Xom.
  9671 | D:7      | Noticed Prince Ribbit
  9720 | D:7      | Killed Prince Ribbit
 10011 | D:8      | Found a sand-covered staircase.
 10018 | Ossuary  | Entered an ossuary
 10391 | D:8      | Reached skill level 3 in Polearms
 10504 | D:8      | Found a snail-covered altar of Cheibriados.
 10526 | D:8      | Became a worshipper of Cheibriados the Contemplative
 10587 | D:8      | Noticed a two-headed ogre
 10636 | D:9      | Learned a level 4 spell: Hailstorm
 10751 | D:8      | Reached XP level 10. HP: 28/77 MP: 14/18
 10754 | D:8      | Reached skill level 1 in Invocations
 11006 | D:8      | Found a staircase to the Lair.
 11424 | D:8      | Reached skill level 1 in Conjurations
 11827 | D:8      | Reached skill level 4 in Polearms
 12485 | D:9      | Found Hihomo's Jewellery Shop.
 12515 | D:9      | Found an opulent altar of Gozag.
 12920 | D:9      | Reached * piety under Cheibriados
 12929 | D:9      | Noticed a gargoyle
 12956 | D:9      | Killed a gargoyle
 12962 | D:9      | Identified the +1 pair of boots "Ceat" {rPois MP+9}
 13140 | D:9      | Found a staircase to the Orcish Mines.
 13160 | D:9      | Reached skill level 5 in Polearms
 13458 | D:9      | Identified the +7 trident of Drought {freeze, rC- Will+++
                  | rCorr Dex+7}
 13695 | D:10     | Entered Level 10 of the Dungeon
 13973 | D:10     | Reached XP level 11. HP: 84/84 MP: 20/20
 13976 | D:10     | Reached ** piety under Cheibriados
 13977 | D:10     | Reached skill level 6 in Polearms
 13985 | D:10     | Reached skill level 7 in Polearms
 14221 | D:10     | Reached skill level 8 in Polearms
 14872 | D:11     | Noticed a cyclops
 14900 | D:11     | Killed a cyclops
 15011 | D:11     | Reached skill level 9 in Polearms
 15128 | D:11     | Reached skill level 10 in Polearms
 15177 | D:11     | Reached skill level 11 in Polearms
 15530 | D:11     | Noticed a six-headed hydra
 15544 | D:11     | Killed a six-headed hydra
 15545 | D:11     | Reached skill level 12 in Polearms
 15996 | D:12     | Noticed a boulder beetle
 16009 | D:12     | Killed a boulder beetle
 16010 | D:12     | Reached skill level 13 in Polearms
 16127 | D:12     | Noticed a two-headed ogre
 16138 | D:12     | Killed a two-headed ogre
 16227 | D:12     | Reached skill level 14 in Polearms
 16227 | D:12     | Reached XP level 12. HP: 74/91 MP: 21/21
 16319 | D:12     | Noticed a centaur warrior
 16322 | D:12     | Reached *** piety under Cheibriados
 16332 | D:12     | Killed a centaur warrior
 16340 | D:12     | Reached skill level 1 in Evocations
 16558 | D:12     | Found a shimmering altar of Xom.
 16558 | D:12     | Found a shimmering altar of Xom.
 16576 | D:12     | Reached skill level 1 in Armour
 16577 | D:12     | Identified the +1 leather armour of the Shrikes {Dex+4}
 16876 | Lair:1   | Entered Level 1 of the Lair of Beasts
 16966 | Lair:1   | Noticed a four-headed hydra
 16968 | Lair:1   | Noticed Fannar
 16981 | Lair:1   | Killed a four-headed hydra
 16982 | Lair:1   | Reached skill level 5 in Invocations
 17563 | Lair:1   | Noticed a seven-headed hydra
 17576 | Lair:1   | Killed a seven-headed hydra
 18203 | Lair:1   | Noticed a five-headed hydra
 18208 | Lair:1   | Noticed Joseph
 18217 | Lair:1   | Killed a five-headed hydra
 18223 | Lair:1   | Killed Joseph
 18224 | Lair:1   | Reached skill level 10 in Dodging
 18224 | Lair:1   | Reached skill level 10 in Ice Magic
 18240 | Lair:1   | Learned a level 3 spell: Confusing Touch
 18842 | Lair:2   | Reached skill level 1 in Hexes
 19182 | Lair:2   | Reached XP level 13. HP: 90/98 MP: 23/23
 19296 | Lair:2   | Reached **** piety under Cheibriados
 19311 | Lair:2   | Learned a level 3 spell: Vampiric Draining
 19680 | Lair:3   | Found a staircase to the Swamp.
 19819 | Lair:3   | Reached skill level 1 in Necromancy
 20000 | Lair:3   | Found a broken altar of Ashenzari.
 20217 | Lair:3   | Found a hole to the Spider Nest.
 20877 | Lair:3   | Reached ***** piety under Cheibriados
 21490 | Lair:4   | Reached skill level 5 in Evocations
 21661 | Lair:4   | Reached XP level 14. HP: 75/108 MP: 26/26
 22086 | Lair:4   | Found an ornate altar of the Wu Jian Council.
 22086 | Lair:4   | Found a hide-covered altar of Uskayaw.
 23830 | Swamp:1  | Entered Level 1 of the Swamp
 23830 | Swamp:1  | Noticed a thorn hunter
 23881 | Lair:3   | Killed a thorn hunter
 24176 | Lair:1   | Killed Fannar
 24535 | Orc:1    | Entered Level 1 of the Orcish Mines
 24775 | Orc:2    | Entered Level 2 of the Orcish Mines
 24809 | Orc:2    | Found Uhye's Antique Weapon Shoppe.
 24825 | Orc:2    | Reached skill level 10 in Fighting
 24862 | Orc:2    | Reached skill level 5 in Armour
 24865 | Orc:2    | Noticed Saint Roka
 24892 | Orc:2    | Slain by Saint Roka

Illustrated notes

Levels and vault maps discovered:
D:1:      mrwooster_arrival_statue_2, layout_basic,
          shapermc_ecumenical_altar_mp_ritualfount, minmay_misc_feat_chi
D:2:      layout_basic, basic_altar, minmay_hexomino_f4
D:3:      layout_basic, uniq_natasha, uniq_robin
D:4:      layout_cave_pools, lemuel_crystal_altar
D:5:      layout_basic, vehumet_crystals, nemelex_xobeh_ov_fountains_minmay,
          temple_green, cheibrodos_sewer_entry_sluice, uniq_ijyb, uniq_sigmund,
          uniq_crazy_yiuf_cottage
D:6:      layout_rooms, nicolae_dithmenos_shadow_blocks
D:7:      layout_layer_cave, lemuel_doored_altar, uniq_pikel,
          uniq_prince_ribbit1
D:8:      layout_basic, cheibrodos_worm_habitat, david_lair_generic,
          enter_ossuary_1
D:9:      layout_irregular_city, kennysheep_mini_moat,
          kennysheep_orc_monster_closet_entryway, corexii_leaking_fountain,
          nicolae_stop_n_shop_2, dk_rats_in_the_wall
D:10:     layout_long_grid, hangedman_decor_lopped, serial_bayou_ford_a
D:11:     layout_grid_maze
D:12:     minmay_ornate_pinched, layout_gridville, serial_rivers,
          chequers_serial_rivers_micro_d, chequers_serial_rivers_micro_e,
          chequers_serial_rivers_micro_c, chequers_serial_rivers_micro_b,
          xom_shifter_show
Temple:   regret_index_temple_waves
Lair:1:   layout_cave_pods, uniq_fannar, uniq_urug, uniq_joseph
Lair:2:   layout_cave_pods, infiniplex_staircase_pool
Lair:3:   layout_cave_pods, minmay_swamp_entry_worms, spider_nest_entry_a,
          basic_altar, beast_lair_carwin_10
Lair:4:   layout_hall_layers, nzn_masters_of_martial_movement
Lair:5:   layout_cellular_growth
Swamp:1:  layout_basic_swamp, gammafunk_ghost_mausoleum,
          nicolae_swamp_very_dense_foliage
Orc:1:    layout_caves
Orc:2:    st_orc_open, layout_diamond_mine, uniq_saint_roka

Skill      XL: |  1  2  3  4  5  6  7  8  9 10 11 12 13 14 |
---------------+-------------------------------------------+-----
Dodging        | 3 4 5 7 8 9 10 11 12 | 12.4
Fighting       | 1 2 3 4 5 6 7 8 9 10 | 10.3
Ice Magic      | 5 6 7 8 10 | 10.0
Spellcasting   | 3 4 5 6 7 8 9 |  9.0
Translocations | 1 2 3 4 |  4.2
Throwing       | 2 3 |  3.9
Polearms       | 3 5 14 | 14.0
Invocations    | 4 5 7 8 |  8.8
Conjurations   | 2 3 |  3.0
Evocations     | 3 5 6 |  6.7
Armour         | 2 3 5 |  5.1
Hexes          | 1 3 |  3.0
Necromancy     | 3 |  3.0
Stealth        | |  2.1

Action                   |  1- 3 |  4- 6 |  7- 9 | 10-12 | 13-15 || total
-------------------------+-------+-------+-------+-------+-------++-------
Melee: Dagger            |     2 |     8 |       |       |       ||    10
       Whip              |       |    47 |   150 |       |       ||   197
       Spear             |       |       |   161 |   196 |       ||   357
       Halberd           |       |       |     6 |       |       ||     6
       Trident           |       |       |       |   194 |   472 ||   666
       Tailslap          |       |       |       |     2 |    13 ||    15
Throw: Stone             |     3 |    15 |    10 |       |       ||    28
       Dart              |       |       |    45 |    25 |    50 ||   120
       Boomerang         |       |       |     2 |    60 |     3 ||    65
 Cast: Freeze            |    48 |    45 |    64 |    44 |    12 ||   213
       Frozen Ramparts   |     2 |    14 |    40 |    53 |    53 ||   162
       Ozocubu's Armour  |       |     3 |    16 |    37 |    32 ||    88
       Blink             |       |       |     4 |       |       ||     4
       Hailstorm         |       |       |       |     2 |     8 ||    10
       Confusing Touch   |       |       |       |       |     6 ||     6
Invok: Bend Time         |       |       |       |     4 |    10 ||    14
       Slouch            |       |       |       |       |     6 ||     6
  Use: Potion            |       |       |     1 |       |     6 ||     7
       Scroll            |       |       |       |    13 |     2 ||    15
 Stab: Sleeping          |       |     1 |     5 |     2 |     2 ||    10
       Confused          |       |       |       |       |     7 ||     7
Armor: Robe              |     1 |    18 |    90 |     8 |       ||   117
       Steam dragon scal |       |       |       |   130 |   121 ||   251
       Skin              |       |       |       |    10 |       ||    10
Dodge: Dodged            |    26 |    64 |   276 |   340 |   513 ||  1219
